 Dungeon Crawl Stone Soup version bcrawl-1.39.1 (webtiles) character file.

Game seed: 1490816441446788955

171356 petercordia2 the Scratcher (level 4, 24/24 HPs)
             Began as a Felid Martial Artist on July 26, 2021.
             Was a Follower of Wu Jian.
             Got out of the dungeon alive.
             The game lasted 00:09:32 (500 turns).

petercordia2 the Scratcher (Felid Martial Artist)    Turns: 500, Time: 00:09:32

Health: 24/24      AC:  1    Str:  8    XL:     4   Next: 97%
Magic:  7/7        EV: 21    Int: 10    God:    Wu Jian [*.....]
Gold:   20         SH:  0    Dex: 19    Spells: 3/5 levels left
                                        Lives:  1   Deaths: 0

rFire    . . .     GDR:     30%   - Teeth and claws (11.0)
rCold    . . .     SeeInvis +   (shield unavailable)
rNeg     . . .     Gourm    .   (armour unavailable)
rPois    +         Faith    .   (helmet unavailable)
rElec    .         Spirit   .   (cloak restricted)
rCorr    .         Reflect  .   (gloves unavailable)
MR       .....                  (boots unavailable)
Stlth    +++.......             (no amulet)
HPRegen  0.14/turn              g - ring of poison resistance
MPRegen  0.10/turn              (no ring)

@: quick
A: very small, no armour, no weapons or thrown items, stealth, claws 1, fangs 3,
see invisible, carnivore, speed 1, shaggy fur 1, slow metabolism 1, sharp paws
a: Wall Jump, Renounce Religion


You escaped.
You worshipped Wu Jian.
Wu Jian was aware of your devotion.
You were completely stuffed.

You visited 1 branch of the dungeon, and saw 3 of its levels.

You collected 20 gold pieces.

Inventory:

Jewellery
 g - a ring of poison resistance (left paw)
Scrolls
 b - 2 scrolls of remove curse {unknown}
 c - a scroll of enchant armour {unknown}
 i - a scroll of identify
Potions
 a - a potion of agility
 f - a potion of degeneration {unknown}
Comestibles
 d - 2 chunks of flesh
 e - 2 rations {!d}


   Skills:
 + Level 3.4 Fighting
 + Level 4.8 Dodging
 * Level 2.9 Stealth
 + Level 6.1 Unarmed Combat
 + Level 1.3 Spellcasting
 * Level 1.8 Hexes


You had 3 spell levels left.
You knew the following spells:

 Your Spells              Type           Power        Failure   Level  Hunger
a - Confusing Touch       Hex            #.......     16%         1    None
s - Slow                  Hex            #.......     16%         1    None

Your spell library contained the following spells:

 Spells                   Type           Power        Failure   Level  Hunger
 Ensorcelled Hibernation  Hex/Ice        #.....       34%         2    ###....
 Confuse                  Hex            #.......     43%         3    #####..
 Tukima's Dance           Hex            #.......     43%         3    #####..
 Dazzling Orbs            Conj/Hex       #......      56%         3    #####..
 Cause Fear               Hex            #.........   83%         4    ######.


Dungeon Overview and Level Annotations

Branches:
Dungeon (3/12)

Altars:

Annotations:
D:2 exclusion: door, Crazy Yiuf, Sigmund


Innate Abilities, Weirdness & Mutations

You cannot wear almost all types of armour.
You are incapable of wielding weapons or throwing items.
Your paws allow you to move quietly. (Stealth)
You have sharp claws.
You have razor-sharp teeth.
You have supernaturally acute eyesight. (SInv)
You are carnivorous and can eat meat at any time.
You cover ground quickly.
You are covered in fur. (AC +1)
You have a slow metabolism.
Your sharp claws are effective at attacking unaware monsters.


Message History

You see here a frilled lizard skeleton.
The rat is too close now for your liking.
You lunge at the rat.
You catch the helpless rat completely off-guard!
You mangle the rat!!
You kill the rat!
The Council accepts your kill.
The leopard gecko hisses angrily.
The leopard gecko barely misses you.
You barely miss the leopard gecko. You claw the leopard gecko.
You kill the leopard gecko!
The Council accepts your kill.
No target in view!
No target in view!
There is an open door here.
There is a fountain of clear blue water here.
There is an open door here.
There is a staircase leading out of the dungeon here.
Are you sure you want to leave the Dungeon?
This will make you lose the game!
You have escaped!

≈≈.+......##########.####+.#
≈≈..##..### #.....#.#......
.≈P....## ##.8.8.#.'......
≈P....## ##...8..#.#.....g
P..##.# ##...8.8.#÷# .....
l#.##.# ##........#.# ....
.#....# #.⌠.⌠.###.#÷# ...
.#.##.####.....#.'.#.#### ##
>........'..8..#@#.#....#
########.#.....#.+)#.##.#####
#.#.⌠.⌠.###.#.......>#
#.##........#.##.###.#
#####..##...8.8.#.##.# #.#
..$......##...8..#.##.# #.#
.......#÷.##.8.8.#.##.# #.#
.......+...#.....#.##.# #.#
.......###.#######.##.. ...


There were no monsters in sight!

Vanquished Creatures
  An adder (D:3)
  A worm (D:1)
  A leopard gecko (D:1)
  2 bats
  A hobgoblin (D:2)
  2 kobolds (D:1)
  A ball python (D:1)
  4 frilled lizards
  2 rats
  A fungus (D:2)
16 creatures vanquished.

Notes
Turn   | Place    | Note
-------+----------+-------------------------------------------
     0 | D:1      | petercordia2 the Felid Martial Artist began the quest for
                  | the Orb.
     0 | D:1      | Reached XP level 1. HP: 12/12 MP: 3/3
    31 | D:1      | Reached skill level 5 in Unarmed Combat
    32 | D:1      | Reached XP level 2. HP: 16/16 MP: 4/4
   110 | D:2      | Upgraded the game from bcrawl-1.32 to
                  | bcrawl-1.33-1-ga1336d5a09
   110 | D:2      | Upgraded the game from bcrawl-1.33-1-ga1336d5a09 to
                  | bcrawl-1.34.4
   110 | D:2      | Upgraded the game from bcrawl-1.34.4 to bcrawl-1.34.5
   110 | D:2      | Upgraded the game from bcrawl-1.34.5 to bcrawl-1.36.3
   213 | D:2      | Found a runed door.
   217 | D:2      | Noticed Crazy Yiuf
   218 | D:2      | Reached XP level 3. HP: 20/20 MP: 5/5
   351 | D:2      | Noticed Sigmund
   352 | D:2      | Reached skill level 6 in Unarmed Combat
   352 | D:2      | Reached XP level 4. HP: 24/24 MP: 5/7
   410 | D:3      | Learned a level 1 spell: Slow
   410 | D:3      | Upgraded the game from bcrawl-1.36.3 to bcrawl-1.38.3
   410 | D:3      | Upgraded the game from bcrawl-1.38.3 to bcrawl-1.39.1
   500 | D:$      | Got out of the dungeon alive.

Skill      XL: |  1  2  3 |
---------------+----------+-----
Unarmed Combat | 5 6 |  6.1
Stealth        | 2 |  2.9
Fighting       | |  3.4
Dodging        | |  4.8
Spellcasting   | |  1.3
Hexes          | |  1.8

Action                   |  1- 3 |  4- 6 || total
-------------------------+-------+-------++-------
Melee: Unarmed           |    23 |    15 ||    38
       Bite              |     1 |     1 ||     2
       Punch             |       |     1 ||     1
 Cast: Confusing Touch   |     2 |       ||     2
Invok: Lunge             |     3 |     1 ||     4
 Abil: Lunge             |       |     3 ||     3
 Stab: Sleeping          |     2 |     2 ||     4
       Distracted        |       |     1 ||     1
  Eat: Chunk             |     5 |     2 ||     7
Dodge: Dodged            |     8 |    14 ||    22
